Map: Frostline LE

Players

kapterhan

  • Race: Terran Terran
  • League: Master
  • Spawn Location: 1:00

Hwasung

  • Race: Terran Terran
  • Spawn Location: 7:00

치터 칸 (자원) - Winner!

  • Race: Protoss Protoss

VOD

Have the link to the VOD?

Description

Time

  • Played on: March 20, 2025, 8:15 a.m.
  • Length: 11:26
Show
View Real Time Build Order
Export as new Build Order

kapterhan Terran 

Build Orders:  

Get SALT Encoding   

  12  0:00  SCV  
  13  0:12  SCV  
  14  0:17  Supply Depot  
  14  0:24  SCV  
  15  0:38  SCV  
  15  0:40  Barracks  
  16  0:44  Refinery  
  16  0:50  SCV  
  16  0:52  Refinery  
  17  1:02  SCV  
  18  1:15  SCV  
  19  1:27  Orbital Command, Reaper  
  19  1:28  Supply Depot  
  20  1:44  Factory  
  20  1:55  SCV  
  20  2:00  Barracks Reactor  
  21  2:07  SCV  
  22  2:19  SCV  
  23  2:23  Command Center  
  23  2:27  Hellion  
  25  2:31  SCV  
  25  2:34  Supply Depot  
  26  2:37  Reaper x2  
  28  2:45  SCV  
  28  2:49  Hellion  
  31  2:57  SCV  
  32  3:00  Starport  
  32  3:09  SCV, Marine x2  
  32  3:11  Factory Tech Lab  
  35  3:21  SCV  
  35  3:27  Marine x2  
  36  3:33  SCV  
  39  3:35  Cyclone  
  39  3:39  Orbital Command  
  39  3:40  Starport Tech Lab  
  42  3:44  Marine  
  42  3:45  Marine  
  44  3:58  SCV  
  44  3:59  Raven  
  44  4:02  Marine x2  
  47  4:04  SCV  
  47  4:06  Supply Depot  
  50  4:10  SCV  
  50  4:14  Siege Tank  
  54  4:27  Marine x2  
  54  4:28  SCV x2, Supply Depot, Barracks  
  58  4:39  Barracks  
  58  4:40  SCV x2  
  58  4:45  Marine x2  
  60  4:50  Siege Tank  
  60  4:52  SCV x2, Supply Depot  
  67  4:59  Engineering Bay  
  67  5:02  Refinery  
  67  5:03  Marine  
  67  5:04  SCV x2  
  70  5:12  Supply Depot  
  70  5:13  Marine  
  71  5:14  Supply Depot  
  71  5:16  SCV x2  
  71  5:21  Marine  
  74  5:38  Marauder, Stimpack, Combat Shield  
  74  5:39  Marauder, Factory Reactor, Starport Reactor  
  78  5:52  Terran Infantry Weapons Level 1  
  78  5:59  SCV, Supply Depot x2  
  78  6:01  SCV  
  78  6:03  Refinery  
  80  6:04  Marine  
  80  6:05  Marauder x2, Marine  
  86  6:11  SCV  
  86  6:12  Command Center  
  86  6:16  Widow Mine  
  86  6:17  Widow Mine  
  91  6:22  Marine x2  
  93  6:25  Supply Depot  
  93  6:26  Medivac  
  93  6:28  Supply Depot, Medivac  
  97  6:34  Marauder x2  
  97  6:38  SCV x2  
  103  6:40  Marine x2  
  103  6:41  Widow Mine x2  
  109  6:52  Barracks x2  
  109  7:06  Marine x2  
  109  7:07  Marauder x2, Medivac x2, Widow Mine  
  121  7:09  Widow Mine  
  121  7:14  Concussive Shells  
  123  7:18  SCV x2, Supply Depot  
  123  7:19  Supply Depot  
  125  7:28  Marauder x2  
  129  7:59  Terran Infantry Armor Level 1  
  129  8:07  Orbital Command  
  129  8:08  SCV x2  
  122  8:16  Marauder, Marine x2  
  122  8:18  Barracks Reactor, Barracks Tech Lab  
  122  8:19  Viking x2, Widow Mine  
  120  8:27  Marauder  
  120  8:32  SCV, Widow Mine  
  120  8:33  SCV x2  
  120  8:34  Marine x2  
  118  8:38  Marauder  
  118  8:40  Widow Mine  
  115  8:45  SCV x3  
  115  8:47  Refinery x2  
  115  8:48  Marine  
  117  8:50  Supply Depot  
  117  8:51  Viking x2, Marine x2, Supply Depot x2  
  119  8:56  Marauder  
  119  8:57  SCV x2  
  119  8:59  Marauder  
  119  9:00  Ghost Academy  
  123  9:05  Marine  
  123  9:06  Engineering Bay, Armory  
  124  9:18  Marauder  
  126  9:42  Ghost x3  
  126  9:43  Viking x2  
  126  9:44  SCV x3  
  142  9:47  Marine x4  
  146  10:04  Missile Turret  
  146  10:08  Missile Turret x2  
  146  10:09  Marine x3  
  146  10:10  Missile Turret, Widow Mine x2  
  146  10:11  Marauder x2  
  151  10:15  Bunker  
  151  10:18  Supply Depot  
  151  10:19  Supply Depot  
  151  10:21  Supply Depot  
  151  10:22  Missile Turret  
  150  10:33  Sensor Tower  
  150  10:37  Marine  
  150  10:38  Marine x2, Ghost  
  150  10:39  Ghost x2  
  150  10:40  Viking x2  
Show
View Real Time Build Order
Export as new Build Order

Hwasung Terran 

Build Orders:  

Get SALT Encoding   

  12  0:00  Probe  
  13  0:13  Probe  
  14  0:19  Pylon  
  14  0:25  Probe  
  15  0:34  Probe  
  15  0:42  Probe  
  17  0:50  Gateway  
  17  0:52  Probe  
  18  1:00  Probe  
  19  1:13  Probe  
  19  1:16  Nexus  
  20  1:26  Probe  
  21  1:36  Pylon  
  21  1:38  Zealot  
  23  1:44  Cybernetics Core  
  23  1:47  Assimilator  
  23  1:54  Probe  
  24  2:03  Probe  
  25  2:11  Probe  
  26  2:19  Pylon, Probe  
  26  2:27  Probe  
  26  2:28  Probe  
  28  2:30  Gateway  
  28  2:32  Warp Gate  
  28  2:33  Assimilator  
  28  2:35  Probe  
  30  2:49  Stalker  
  30  2:50  Probe  
  31  2:52  Pylon, Probe  
  34  3:02  Probe x2  
  36  3:13  Adept, Probe  
  36  3:15  Probe  
  36  3:17  Adept  
  42  3:25  Robotics Facility  
  42  3:26  Probe  
  42  3:28  Probe  
  44  3:38  Probe  
  44  3:39  Adept  
  44  3:40  Probe  
  44  3:44  Stalker  
  44  3:55  Forge  
  44  4:04  Adept  
  44  4:07  Probe  
  44  4:08  Probe  
  44  4:09  Zealot  
  48  4:14  Observer  
  51  4:19  Probe  
  51  4:20  Probe  
  53  4:24  Gateway  
  53  4:30  Photon Cannon  
  53  4:31  Probe  
  54  4:32  Pylon, Probe  
  54  4:36  Photon Cannon  
  55  4:39  Robotics Bay  
  55  4:41  Adept  
  55  4:42  Pylon, Adept  
  55  4:43  Probe  
  60  4:52  Probe  
  61  4:53  Pylon  
  61  4:55  Probe  
  61  4:56  Robotics Facility  
  61  4:59  Stalker  
  64  5:06  Stalker  
  66  5:14  Gateway  
  66  5:17  Pylon  
  66  5:18  Zealot  
  68  5:22  Zealot  
  68  5:26  Colossus  
  70  5:29  Zealot  
  70  5:32  Pylon  
  72  5:39  Zealot  
  80  5:45  Stalker, Probe  
  80  5:46  Assimilator  
  83  6:00  Zealot  
  83  6:03  Twilight Council  
  85  6:06  Forge  
  85  6:08  Probe  
  85  6:09  Probe, Assimilator  
  87  6:14  Nexus, Pylon  
  87  6:23  Zealot  
  89  6:26  Zealot  
  89  6:27  Zealot  
  89  6:31  Probe  
  89  6:32  Probe  
  95  6:40  Pylon, Zealot  
  95  6:43  Templar Archives, Probe  
  95  6:44  Sentry  
  95  6:45  Photon Cannon  
  100  6:48  Stalker  
  100  6:50  Pylon  
  100  6:51  Stalker  
  104  6:59  Stalker  
  106  7:07  Sentry  
  108  7:09  Zealot  
  108  7:11  Zealot  
  108  7:12  Pylon  
  112  7:22  Zealot  
  114  7:25  Immortal  
  114  7:26  Immortal  
  114  7:27  Probe  
  114  7:28  Stalker, Photon Cannon, Probe x2  
  127  7:30  High Templar  
  127  7:34  High Templar  
  131  7:39  Probe  
  131  7:40  Probe x2  
  131  7:42  Stalker, Nexus, Assimilator  
  131  7:43  Stalker  
  138  7:46  Pylon  
  138  7:48  Archon, Assimilator  
  138  7:52  Probe x2  
  138  7:53  High Templar, Probe  
  143  7:59  Immortal  
  143  8:04  Probe x2  
  149  8:06  Pylon, Probe  
  149  8:11  High Templar  
  142  8:13  Stalker  
  142  8:16  Zealot, Probe x2  
  142  8:18  Probe  
  142  8:19  Sentry  
  109  8:28  Probe  
  109  8:29  Probe  
  109  8:30  Probe  
  96  8:34  Stalker  
  96  8:36  Zealot  
  96  8:40  Probe  
  85  8:42  High Templar  
  85  8:43  High Templar  
  85  8:48  Probe x2  
  83  8:49  Zealot  
  83  8:53  Probe  
  83  8:55  Immortal  
  89  8:56  Zealot  
  89  9:02  Assimilator  
  79  9:03  High Templar  
  79  9:04  Probe  
  79  9:05  Assimilator  
  79  9:08  Zealot  
  83  9:15  Observer, Zealot  
  83  9:16  Zealot  
  87  9:18  Probe  
  87  9:24  Stalker, Immortal  
  87  9:26  Photon Cannon  
  87  9:28  Pylon  
  87  9:30  Pylon  
  89  9:32  Zealot  
  89  9:34  Immortal, Probe  
  89  9:35  Sentry  
  89  9:37  Zealot  
  97  9:40  Probe  
  97  9:42  Probe  
  97  9:43  Probe  
  95  9:46  Zealot  
  95  9:47  Sentry  
  95  9:48  Probe  
  95  9:50  Photon Cannon  
  98  9:53  Pylon  
  98  9:57  Stalker  
  98  9:58  Adept  
  102  10:02  Zealot  
  102  10:03  Immortal  
  102  10:04  Photon Cannon  
  108  10:08  Warp Prism  
  108  10:10  Zealot  
  108  10:11  Stalker  
  96  10:19  Zealot  
  88  10:22  Adept  
  80  10:30  Sentry  
  80  10:31  High Templar  
  80  10:34  Immortal  
  84  10:38  Observer  
  84  10:40  Zealot  
  84  10:42  Zealot  
  85  10:53  Sentry  
  91  11:00  Zealot  
  91  11:02  Zealot  
  91  11:03  Stalker  
  91  11:04  Photon Cannon  
  86  11:15  Photon Cannon, Adept  
  86  11:16  High Templar  
  88  11:20  Pylon, Zealot  
Show
View Real Time Build Order
Export as new Build Order

치터 칸 (자원) Protoss - Winner!

Build Orders:  

Get SALT Encoding   

Tags
 
Add a new tag
Caveats
  • Supply blocks, unpowered buildings, or Contaminate may cause inaccurate times.
  • Supply counts are checked every 10 seconds.